 Dungeon Crawl Stone Soup version 0.18.1-50-g88ac8fd (webtiles) character file.

137 nikopol the Skirmisher (level 5, -5/33 HPs)
             Began as a Gargoyle Berserker on Sept 16, 2016.
             Was a Believer of Trog.
             Slain by a gnoll
             ... wielding a +0 halberd
              (10 damage)
             ... on level 3 of the Dungeon.
             The game lasted 00:07:09 (2927 turns).

nikopol the Skirmisher (Gargoyle Berserker)         Turns: 2927, Time: 00:07:10

Health: -5/33      AC:  6    Str: 20    XL:     5   Next: 20%
Magic:  5/5        EV: 12    Int:  8    God:    Trog [**....]
Gold:   91         SH:  0    Dex: 10    Spells: 0 memorised, 4 levels left

rFire  . . .     SeeInvis .     a - +0 mace
rCold  . . .     Gourm    .     b - +0 animal skin
rNeg   + . .     Faith    .     (no shield)
rPois  ∞         Spirit   .     (no helmet)
rElec  +         Dismiss  .     (no cloak)
rCorr  .         Reflect  .     (no gloves)
SustAt .         Harm     .     (no boots)
MR     .....                    (no amulet)
Stlth  +.........               (no ring)
                                (no ring)

@: exhausted, slowed, very slow, not resistant to hostile enchantments, very
unstealthy
A: negative energy resistance 1, electricity resistance, unbreathing,
petrification resistance, rot immunity, AC +4
a: Berserk, Trog's Hand, Burn Spellbooks, Renounce Religion


You were on level 3 of the Dungeon.
You worshipped Trog.
Trog was pleased with you.
You were very hungry.

You visited 1 branch of the dungeon, and saw 3 of its levels.

You collected 91 gold pieces.

Inventory:

Hand Weapons
 a - a +0 mace (weapon)
Armour
 b - a +0 animal skin (worn)
Scrolls
 e - a scroll of amnesia {unknown}
 f - 3 scrolls of fear {unknown}
 h - a scroll of enchant weapon {unknown}
 j - a scroll of magic mapping {unknown}
 k - a scroll of remove curse {unknown}
 o - 2 scrolls of identify {unknown}
 r - a scroll of fog {unknown}
 t - a scroll of random uselessness {unknown}
Potions
 d - 2 potions of might {unknown}
 g - a potion of agility {unknown}
 l - 2 potions of magic {unknown}
 n - 2 potions of berserk rage {unknown}
 u - a potion of curing {unknown}
Comestibles
 c - 2 bread rations
 i - 3 chunks of flesh
 m - 4 fruits
 p - a meat ration
 q - a beef jerky
 s - a slice of pizza


   Skills:
 + Level 4.1 Fighting
 + Level 3.9 Maces & Flails
 + Level 3.4 Armour
 + Level 2.3 Dodging


You had 4 spell levels left.
You didn't know any spells.

Dungeon Overview and Level Annotations

Branches:
Dungeon (3/15)

Altars:
Ashenzari
Cheibriados
Ru
Yredelemnul
Zin
The Shining One


Innate Abilities, Weirdness & Mutations

You are resistant to torment.
Your stone body is resilient (AC +4).
You are immune to poison.
You resist negative energy.
You are resistant to electric shocks.
You can survive without breathing.
You are immune to petrification.
You are immune to rotting.


Message History

You are feeling very hungry.
The gnoll barely misses you.
You sock the orc!
You kill the orc!
Trog accepts your kill.
The gnoll hits you from afar with a halberd!
* * * LOW HITPOINT WARNING * * *
The gnoll hits you but does no damage. The gnoll closely misses you.
You are too injured to fight recklessly!
You are too injured to fight recklessly!
You are too injured to fight recklessly!
You are too injured to fight recklessly!
You are too injured to fight recklessly!
You barely miss the gnoll. The gnoll closely misses you.
The gnoll barely misses you.
You hit the gnoll.
The gnoll is lightly wounded.
The gnoll hits you but does no damage.
The gnoll hits you from afar with a halberd!
You die...

......#.... .. #.w.......
#.. #..# .# ... #.g# .#
... #.o###.### ### #.
##.#.....#...#
#.........#.###.
#.########w#.#.#...._....
#.......@gg..#.# #.#.#...
##########...#.###.#.###.
#......(......#.
#...#...........
#...#...........
#......##.###.##
##..#####.# #... #..# #.#
#### #..# #.#


You could see a worm and 2 gnolls.

Vanquished Creatures
  An orc priest (D:3)
  A gnoll (D:3)
  3 adders
  A worm (D:2)
  2 giant geckos
  2 orcs (D:3)
  A ball python (D:3)
  4 giant cockroaches
  6 goblins
  9 hobgoblins
  5 quokkas
  11 bats
  5 giant newts
  6 kobolds
  6 rats
  11 plants (D:2)
74 creatures vanquished.

Vanquished Creatures (others)
  A plant (D:2)
1 creature vanquished.

Grand Total: 75 creatures vanquished

Notes
Turn   | Place    | Note
--------------------------------------------------------------
     0 | D:1      | nikopol the Gargoyle Berserker began the quest for the Orb.
     0 | D:1      | Reached XP level 1. HP: 14/14 MP: 1/1
   245 | D:1      | Reached XP level 2. HP: 16/19 MP: 2/2
   741 | D:2      | Found a shattered altar of Ashenzari.
  1043 | D:2      | Reached XP level 3. HP: 18/23 MP: 3/3
  1067 | D:2      | Reached ** piety under Trog
  1715 | D:2      | Found a glowing golden altar of the Shining One.
  1716 | D:2      | Found a snail-covered altar of Cheibriados.
  1833 | D:2      | Reached XP level 4. HP: 29/29 MP: 4/4
  2692 | D:3      | Found a basalt altar of Yredelemnul.
  2740 | D:3      | Found a glowing silver altar of Zin.
  2799 | D:3      | Found a shattered altar of Ashenzari.
  2875 | D:3      | Found a sacrificial altar of Ru.
  2915 | D:3      | Reached skill level 4 in Fighting
  2918 | D:3      | Reached XP level 5. HP: 17/33 MP: 5/5
  2927 | D:3      | Slain by a gnoll

Skill      XL: |  1  2  3  4 |
---------------+-------------+-----
Dodging        | 2 |  2.3
Armour         | 3 |  3.4
Fighting       | 4 |  4.1
Maces & Flails | |  3.9

Action                   |  1- 3 |  4- 6 || total
-------------------------+-------+-------++-------
Melee: Mace              |   221 |   378 ||   599
Invok: Berserk           |       |     1 ||     1
  Eat: Chunk             |     3 |     5 ||     8
Armor: Animal skin       |    83 |    43 ||   126
Dodge: Dodged            |   159 |    87 ||   246
